 Dungeon Crawl Stone Soup version 0.26-a0-466-g989023bd0d (webtiles) character file.

Game seed: 7354631104442654756

55138 vurker the Deadly Accurate (level 14, -2/135 HPs)
             Began as a Minotaur Hunter on Aug 11, 2020.
             Was a High Priest of Makhleb.
             Slain by a tyrant leech (17 damage)
             ... on level 6 of the Lair of Beasts.
             The game lasted 00:34:58 (26916 turns).

vurker the Deadly Accurate (Minotaur Hunter)       Turns: 26916, Time: 00:34:59

Health: -2/135     AC: 19    Str: 33    XL:     14   Next: 37%
Magic:  0/31       EV:  9    Int:  8    God:    Makhleb [*****.]
Gold:   1422       SH:  0    Dex:  6    Spells: 13/13 levels left

rFire    . . .     SeeInvis .   N - +0 flail (venom)
rCold    . . .     Faith    .   (no shield)
rNeg     . . .     Spirit   +   I - +2 plate armour {rPois}
rPois    +         Reflect  .   (helmet restricted)
rElec    +         Harm     .   r - scarf {+Inv}
rCorr    .                      v - +1 pair of gloves
MR       ++...                  k - +2 pair of boots
Stlth    ..........             s - amulet of guardian spirit
HPRegen  0.32/turn              e - ring "Miasm" {rElec MR+ Str+10 Dex-4 Stlth+}
MPRegen  0.22/turn              x - ring of magical power

@: about to teleport, slowed, very slow
A: retaliatory headbutt, horns 2
a: Minor Destruction, Lesser Servant of Makhleb, Major Destruction, Greater
Servant of Makhleb, Renounce Religion, Evoke Invisibility


You were on level 6 of the Lair of Beasts.
You worshipped Makhleb.
Makhleb was extremely pleased with you.
You visited 2 branches of the dungeon, and saw 17 of its levels.

You collected 1422 gold pieces.

Inventory:

Hand Weapons
 a - a +2 demon trident
   (You took it off Urug on level 5 of the Lair of Beasts)
 z - a +0 battleaxe
   (You found it on level 1 of the Lair of Beasts)
 N - a +0 flail of venom (weapon)
   (You took it off an orc on level 11 of the Dungeon)
Missiles
 c - 13 javelins (quivered)
Armour
 k - a +2 pair of boots (worn)
   (You found it on level 2 of the Dungeon)
 r - a scarf of invisibility (worn)
   (You found it on level 6 of the Dungeon)
 v - a +1 pair of gloves (worn)
   (You found it on level 3 of the Dungeon)
 w - a +3 plate armour of cold resistance
   (You found it on level 6 of the Dungeon)
 I - a +2 plate armour of poison resistance (worn)
   (You found it on level 9 of the Dungeon)
Jewellery
 e - the ring "Miasm" (left hand) {rElec MR+ Str+10 Dex-4 Stlth+}
   (You acquired it on level 10 of the Dungeon)

   [ring of stealth]

   It affects your strength (+10).
   It affects your dexterity (-4).
   It insulates you from electricity.
   It affects your resistance to hostile enchantments.
   It makes you more stealthy.
 s - an amulet of guardian spirit (around neck)
   (You found it on level 2 of the Dungeon)
 x - a ring of magical power (right hand)
   (You found it on level 3 of the Dungeon)
 B - an uncursed ring of resist corrosion
   (You found it on level 4 of the Dungeon)
 G - an uncursed ring of protection from cold
   (You took it off a gnoll on level 9 of the Dungeon)
 O - an uncursed ring of positive energy
   (You found it on level 11 of the Dungeon)
Wands
 d - a wand of iceblast (16)
   (You found it on level 5 of the Dungeon)
 m - a wand of enslavement (7)
   (You found it on level 3 of the Dungeon)
 n - a wand of clouds (4)
   (You took it off Urug on level 5 of the Lair of Beasts)
 t - a wand of flame (21)
   (You took it off Natasha on level 2 of the Dungeon)
 u - a wand of paralysis (9)
   (You took it off Maurice on level 11 of the Dungeon)
 P - a wand of polymorph (17)
   (You found it on level 11 of the Dungeon)
Scrolls
 g - 3 scrolls of enchant armour
 i - 4 scrolls of identify
 p - 3 scrolls of enchant weapon
 A - 2 scrolls of blinking
 C - 2 scrolls of teleportation
 E - 3 scrolls of fear
 F - 3 scrolls of magic mapping
 H - 2 scrolls of holy word
 L - 5 scrolls of remove curse
 Q - a scroll of immolation
Potions
 b - 7 potions of curing
 f - 2 potions of cancellation
 h - 5 potions of might
 j - a potion of heal wounds
 l - 4 potions of flight
 o - 7 potions of lignification
 q - a potion of mutation
 D - a potion of haste
 K - 3 potions of invisibility
Miscellaneous
 y - a phantom mirror


   Skills:
 + Level 15.6 Fighting
 * Level 10.9 Axes
 - Level 16.0 Throwing
 + Level 4.5 Armour
 + Level 4.7 Dodging
 - Level 0.7 Stealth
 + Level 12.5 Invocations


You had 13 spell levels left.
You didn't know any spells.
Your spell library contained the following spells:

 Spells                   Type           Power        Failure   Level
 Confusing Touch          Hex            #.......     100%        3
 Gell's Gravitas          Tloc           #.........   100%        3
 Static Discharge         Conj/Air       #.......     100%        3
 Petrify                  Tmut/Erth      #.......     100%        4
 Lightning Bolt           Conj/Air       #.........   100%        5
 Metabolic Englaciation   Hex/Ice        #.........   100%        5
 Yara's Violent Unravell  Hex/Tmut       #.........   100%        5
 Ignition                 Fire           #.........   100%        8
 Shatter                  Erth           #.........   100%        9
 Tornado                  Air            #.........   100%        9


Dungeon Overview and Level Annotations

Branches:
Dungeon (11/15)            Temple (0/1) D:7            Lair (6/6) D:10
  Swamp (0/4) Lair:2       Spider (0/4) Lair:4          Orc (0/2) D:10
  Slime: Lair:5-6

Altars:
Ashenzari
Dithmenos
Fedhas
Hepliaklqana
Makhleb
Nemelex Xobeh
Ru
Uskayaw
Vehumet
Xom
Yredelemnul
The Shining One

Shops:
D:8 [!

Annotations:
Lair:5 exclusion: 4 oklob plants


Innate Abilities, Weirdness & Mutations

You reflexively headbutt those who attack you in melee.
You have a pair of horns on your head.


Message History

The tyrant leech closely misses you.
You miss the tyrant leech.
The hornet buzzes angrily.
Your headbutt misses the tyrant leech.
The tyrant leech bites you but does no damage. x3
You barely miss the tyrant leech. The tyrant leech bites you!
The tyrant leech draws strength from your injuries!
The tyrant leech bites you but does no damage.
You closely miss the tyrant leech.
You headbutt the tyrant leech, but do no damage.
The tyrant leech bites you.
The tyrant leech draws strength from your injuries!
The torpor snail barely misses you. The tyrant leech closely misses you.
You hit the tyrant leech.
The tyrant leech looks as sick as possible!
You headbutt the tyrant leech! The tyrant leech bites you!!
The tyrant leech draws strength from your injuries!
The torpor snail bites you!
The tyrant leech bites you but does no damage.
The tyrant leech barely misses you. The torpor snail bites you!
You barely miss the tyrant leech.
You headbutt the tyrant leech, but do no damage.
The tyrant leech bites you!!
* * * LOW HITPOINT WARNING * * *
The tyrant leech draws strength from your injuries!
The tyrant leech closely misses you. You furiously retaliate!
You headbutt the tyrant leech, but do no damage.
The tyrant leech barely misses you.
The torpor snail bites you but does no damage.
A demon appears!
The tyrant leech bites you.
* * * LOW HITPOINT WARNING * * *
The tyrant leech draws strength from your injuries!
The tyrant leech barely misses you. The tyrant leech bites you.
* * * LOW HITPOINT WARNING * * *
The tyrant leech draws strength from your injuries!
The tyrant leech bites you!!
* * * LOW HITPOINT WARNING * * *
The tyrant leech draws strength from your injuries!
You hit the tyrant leech. You headbutt the tyrant leech.
The tyrant leech bites you!!
* * * LOW HITPOINT WARNING * * *
The tyrant leech draws strength from your injuries!
Your neqoxec hits the tyrant leech!
The tyrant leech bites you but does no damage.
The tyrant leech bites you.
* * * LOW HITPOINT WARNING * * *
The tyrant leech draws strength from your injuries!
As you read the scroll of teleportation, it crumbles to dust.
You feel strangely unstable. The tyrant leech bites you!!
You die...

### ###### P.###
#####..@w### ....###
##......3ww.##
##....###....P####y.$#
##.....#..#### ##..#
###.....## ### ..#
#.#....###.## ...# #
####†...P.#.# ..## #
#.#.......###### #
####.P..#...#.#


You could see 2 tyrant leeches, a torpor snail, a hornet and a friendly neqoxec
(summoned, slow).

Vanquished Creatures
  Josephine (D:10)
  2 hydras
  A catoblepas (Lair:5)
  An ice dragon (Lair:6)
  8 death yaks (Lair:4)
  2 two-headed ogres
  Urug (Lair:5)
  An unseen horror (D:9)
  A swamp dragon (Lair:2)
  Pikel (D:7)
  3 lindwurms
  An oklob plant (Lair:4)
  A deep elf mage (D:9)
  2 centaur zombies
  8 elephants
  3 black mambas
  Maurice (D:11)
  Joseph (D:10)
  4 torpor snails (Lair:6)
  11 cane toads
  A rime drake (Lair:1)
  2 centaur skeletons
  6 komodo dragons
  2 trolls (D:11)
  4 jumping spiders (Lair:4)
  7 polar bears
  6 hippogriffs
  A tyrant leech (Lair:6)
  5 hornets (Lair:6)
  9 blink frogs
  A centaur simulacrum (D:10)
  25 yaks
  3 wraiths
  6 wyverns
  2 basilisks
  Menkaure (D:7)
  A soldier ant (D:9)
  Duvessa (D:7)
  11 water moccasins
  11 porcupines
  4 orc warriors
  A sky beast (D:8)
  3 ice beasts
  3 black bears
  A necrophage (D:10)
  An eye of draining (D:9)
  12 wolves
  2 ogres (D:6)
  17 crocodiles
  3 centaurs
  An elf zombie (D:8)
  A big kobold (D:11)
  21 bullfrogs
  Dowan (D:7)
  2 gnoll sergeants
  2 elf skeletons (D:8)
  2 wyvern skeletons
  6 scorpions
  11 wights
  3 killer bees (D:7)
  5 howler monkeys
  2 electric eels
  3 jellies
  A bullfrog zombie (D:9)
  A wyvern simulacrum (D:10)
  3 hounds
  2 human zombies (D:8)
  2 bullfrog skeletons
  14 orc priests
  A gnoll shaman (D:8)
  Natasha (thrice) (D:2)
  7 iguanas
  2 worker ants (D:4)
  8 orc wizards
  A hound zombie (D:6)
  A hound skeleton (D:7)
  A killer bee simulacrum (D:10)
  A worker ant zombie (D:6)
  20 gnolls
  A howler monkey skeleton (D:11)
  12 adders
  3 shadow imps
  4 white imps
  3 ufetubi
  An adder skeleton (D:5)
  3 dart slugs
  2 leopard geckos
  43 orcs
  7 bats
  5 giant cockroaches (D:2)
  4 goblins
  6 hobgoblins
  5 jackals
  5 quokkas
  4 ball pythons
  5 frilled lizards
  3 kobolds
  3 orc skeletons (D:8)
  2 orc zombies (D:8)
  8 rats
  A fungus (Lair:5)
  A plant (Lair:6)
465 creatures vanquished.

Vanquished Creatures (collateral kills)
  Erolcha (D:11)
  3 hydras
  A death yak (Lair:4)
  3 two-headed ogres
  A cyclops (D:9)
  3 elephants
  A troll (D:8)
  3 blink frogs
  3 wraiths (D:10)
  5 yaks
  A steam dragon (D:10)
  A basilisk (D:10)
  A porcupine (Lair:2)
  A wolf (Lair:5)
  A centaur (D:10)
  3 crocodiles
  A bullfrog (Lair:3)
  An elf skeleton (D:8)
  3 killer bees (D:11)
  An orc wizard (D:11)
  2 orc priests (D:11)
  A worker ant (D:11)
  A gnoll (D:9)
  3 orcs
  A giant cockroach (D:8)
46 creatures vanquished.

Vanquished Creatures (others)
  An orc wizard (D:7)
  17 fungi
  17 plants
35 creatures vanquished.

Grand Total: 546 creatures vanquished

Notes
Turn   | Place    | Note
-------+----------+-------------------------------------------
     0 | D:1      | vurker the Minotaur Hunter began the quest for the Orb.
     0 | D:1      | Reached XP level 1. HP: 18/18 MP: 0/0
   538 | D:1      | Reached XP level 2. HP: 25/25 MP: 1/1
   982 | D:2      | Found a sacrificial altar of Ru.
  1045 | D:2      | You fall into a shaft and drop 2 floors!
  1116 | D:3      | Reached XP level 3. HP: 12/31 MP: 2/2
  1415 | D:2      | Noticed Natasha
  1424 | D:2      | Killed Natasha
  1513 | D:2      | Reached XP level 4. HP: 38/40 MP: 3/3
  1624 | D:2      | Reached skill level 5 in Throwing
  1666 | D:2      | Noticed Natasha
  1673 | D:2      | Killed Natasha
  1673 | D:2      | Reached XP level 5. HP: 38/47 MP: 4/4
  1696 | D:2      | Reached skill level 5 in Fighting
  2066 | D:2      | Noticed Natasha
  2075 | D:2      | Killed Natasha
  2220 | D:3      | Reached XP level 6. HP: 55/56 MP: 5/5
  2257 | D:3      | Found a faded altar of an unknown god.
  2263 | D:3      | Reached skill level 6 in Throwing
  2501 | D:3      | Became a worshipper of Makhleb the Destroyer
  2501 | D:3      | Reached * piety under Makhleb
  2928 | D:4      | Reached skill level 1 in Invocations
  3200 | D:4      | Reached XP level 7. HP: 41/64 MP: 7/7
  3491 | D:4      | Found a blossoming altar of Fedhas.
  3676 | D:4      | Found a hide-covered altar of Uskayaw.
  3696 | D:5      | Entered Level 5 of the Dungeon
  4369 | D:5      | Found a glowing golden altar of the Shining One.
  5001 | D:6      | Reached skill level 7 in Throwing
  5109 | D:6      | Noticed a wyvern
  5123 | D:6      | Killed a wyvern
  5123 | D:6      | Reached XP level 8. HP: 14/73 MP: 3/9
  5412 | D:6      | Reached ** piety under Makhleb
  6015 | D:6      | Found a blossoming altar of Fedhas.
  6143 | D:7      | Found a shattered altar of Ashenzari.
  6144 | D:7      | Found a shimmering altar of Xom.
  6152 | D:7      | Reached skill level 8 in Throwing
  6402 | D:7      | Reached skill level 5 in Invocations
  6446 | D:7      | Found a radiant altar of Vehumet.
  6451 | D:7      | Found a basalt altar of Yredelemnul.
  6481 | D:7      | Noticed Pikel
  6509 | D:7      | Killed Pikel
  6509 | D:7      | Reached XP level 9. HP: 59/83 MP: 12/12
  6636 | D:7      | Found a hazy altar of Hepliaklqana.
  6690 | D:7      | Noticed Menkaure
  6712 | D:7      | Killed Menkaure
  6783 | D:7      | Got a creamy pearl robe
  6794 | D:7      | Found a staircase to the Ecumenical Temple.
  6999 | D:7      | Reached skill level 9 in Throwing
  7126 | D:7      | Noticed Duvessa
  7126 | D:7      | Noticed Dowan
  7145 | D:7      | Killed Duvessa
  7145 | D:7      | Reached skill level 10 in Fighting
  7159 | D:7      | Killed Dowan
  7884 | D:8      | Reached *** piety under Makhleb
  7936 | D:8      | Found Ruguf's Distillery.
  7994 | D:8      | Found Qecutwy's Armour Emporium.
  8040 | D:8      | Noticed a troll
  8084 | D:8      | Killed a troll
  8448 | D:8      | Found a sparkling altar of Nemelex Xobeh.
  8457 | D:8      | Noticed a two-headed ogre
  8489 | D:8      | Killed a two-headed ogre
  8489 | D:8      | Reached XP level 10. HP: 92/94 MP: 14/14
  8537 | D:8      | Found a shadowy altar of Dithmenos.
  8870 | D:9      | Reached skill level 10 in Throwing
  8996 | D:9      | Noticed a cyclops
  9002 | D:9      | Noticed a two-headed ogre
  9015 | D:9      | Killed a cyclops
  9019 | D:9      | Killed a two-headed ogre
  9020 | D:9      | Identified the +1 fustibalus of the Mushroom {freeze, +Inv
                  | Int+3 Dex+2}
  9022 | D:9      | Noticed a four-headed hydra
  9033 | D:9      | Killed a four-headed hydra
  9161 | D:9      | Noticed a deep elf mage
  9170 | D:9      | Killed a deep elf mage
  9578 | D:9      | Reached skill level 11 in Throwing
  9578 | D:9      | Reached XP level 11. HP: 104/104 MP: 16/16
  9793 | D:9      | Got a translucent hand axe
 10067 | D:10     | Entered Level 10 of the Dungeon
 10659 | D:8      | Reached **** piety under Makhleb
 11090 | D:9      | Killed an unseen horror
 11236 | D:10     | Noticed a two-headed ogre
 11465 | D:9      | Killed a two-headed ogre
 11465 | D:9      | Reached skill level 12 in Throwing
 12075 | D:10     | Found a staircase to the Lair.
 12134 | D:10     | Found a staircase to the Lair.
 12290 | D:10     | Noticed Joseph
 12291 | D:10     | Noticed Josephine
 12298 | D:11     | Noticed Maurice
 12304 | D:11     | Paralysed by something for 6 turns
 12329 | D:11     | Killed Maurice
 12329 | D:11     | Reached skill level 10 in Invocations
 12647 | D:11     | Noticed a two-headed ogre
 12658 | D:11     | Killed a two-headed ogre
 13053 | D:11     | Noticed a two-headed ogre
 13079 | D:11     | Killed a two-headed ogre
 13079 | D:11     | Reached skill level 13 in Throwing
 13733 | D:11     | Noticed Erolcha
 13750 | D:11     | Killed Erolcha
 14076 | D:11     | Reached XP level 12. HP: 112/116 MP: 18/18
 14390 | D:10     | Killed Joseph
 14495 | D:10     | Found a staircase to the Orcish Mines.
 14648 | D:10     | Reached ***** piety under Makhleb
 15222 | D:10     | Killed Josephine
 15536 | D:10     | Found a staircase to the Orcish Mines.
 15696 | D:10     | Found a staircase to the Lair.
 15717 | D:10     | Found a staircase to the Lair.
 16193 | D:10     | Identified a scroll of acquirement
 16194 | D:10     | Acquired the ring "Miasm" {rElec MR+ Str+10 Dex-4 Stlth+}
 16351 | Lair:1   | Entered Level 1 of the Lair of Beasts
 16675 | Lair:1   | Noticed an eight-headed hydra
 16695 | Lair:1   | Killed an eight-headed hydra
 16695 | Lair:1   | Reached skill level 14 in Throwing
 17855 | Lair:1   | Reached skill level 5 in Axes
 18694 | Lair:2   | Got a crystal spear
 18780 | Lair:2   | Noticed a seven-headed hydra
 18801 | Lair:2   | Killed a seven-headed hydra
 19539 | Lair:2   | Reached XP level 13. HP: 123/125 MP: 20/20
 19817 | Lair:2   | Found a staircase to the Swamp.
 20139 | Lair:3   | Reached skill level 15 in Throwing
 20949 | Lair:3   | Reached skill level 15 in Fighting
 22042 | Lair:4   | Found a hole to the Spider Nest.
 22137 | Lair:4   | Reached skill level 1 in Armour
 23543 | Lair:4   | Reached skill level 10 in Axes
 24334 | Lair:5   | Reached XP level 14. HP: 77/135 MP: 17/22
 24794 | Lair:5   | Noticed Urug
 24856 | Lair:5   | Killed Urug
 25645 | Lair:6   | Entered Level 6 of the Lair of Beasts
 26302 | Lair:6   | Found a runed translucent door.
 26588 | Lair:6   | Reached skill level 16 in Throwing
 26916 | Lair:6   | Slain by a tyrant leech

Illustrated notes

Levels and vault maps discovered:
D:1:      lightli_arrival_isolated_outpost, layout_basic
D:2:      layout_loops_ring, old_standard_altar, uniq_natasha
D:3:      layout_basic, chequers_ecumenical_altar_simple
D:4:      layout_basic, marbit_many_paths, lemuel_statue_altar
D:5:      layout_loops_corners, nicolae_tso_carved_into_rock
D:6:      layout_gridville, kennysheep_little_box,
          chequers_serial_rivers_micro_a, grunt_ministairs_1
D:7:      layout_gridville, lemuel_crystal_altar, grunt_temple_overflow_open,
          minmay_temple_entry_drinking_statues, due_unseen_surprise,
          uniq_duvessa, uniq_pikel, uniq_menkaure
D:8:      layout_rooms, old_standard_altar, grunt_dithmenos_smoke_and_mirrors,
          serial_shops, kennysheep_mini_moat, shop,
          nicolae_ossuary_entry_catacombs
D:9:      minmay_the_grid_square_5x5_3x3
          [minmay_the_grid_square_5x5_intrusive_squares,
          minmay_the_grid_square_5x5_bracketed,
          minmay_the_grid_square_5x5_hollow_slash,
          minmay_the_grid_square_5x5_three_small,
          minmay_the_grid_square_5x5_megaprize_diamond,
          minmay_the_grid_square_5x5_two,
          minmay_the_grid_square_5x5_doubleslash,
          minmay_the_grid_square_5x5_almost_minimal,
          minmay_the_grid_square_5x5_c], layout_basic, st_stairs_14,
          evilmike_butchery
D:10:     layout_basic, erik_lair_dragon, orc_0_dummy, serial_ice, serial_ice_f,
          serial_ice_j, serial_ice_d, serial_ice_c, serial_ice_n, serial_ice_b,
          uniq_josephine, uniq_joseph
D:11:     layout_roguey, gauntlet_entry_generic, uniq_maurice, uniq_erolcha
Lair:1:   layout_regular_city
Lair:2:   layout_chaotic_city, minmay_swamp_entry_reptiles
Lair:3:   layout_hall_layers, st_stairs_9, lemuel_fruit_fields
Lair:4:   layout_cellular_growth, spider_nest_entry_a
Lair:5:   layout_misc_corridors, lemuel_fruit_fields, infiniplex_staircase_pool,
          minmay_lair_oklob_chamber, lemuel_fruit_fields, uniq_urug
Lair:6:   wormcave, layout_regular_city, hangedman_lair_caniforms_friends,
          minmay_slime_entry_pillars

Skill      XL: |  1  2  3  4  5  6  7  8  9 10 11 12 13 14 |
---------------+-------------------------------------------+-----
Fighting       | 3 4 5 6 7 9 10 12 13 14 15 | 15.6
Throwing       | 5 6 7 8 9 11 13 14 15 16 | 16.0
Invocations    | 1 3 5 7 9 10 11 12 | 12.5
Axes           | 6 10 | 10.9
Armour         | 3 4 |  4.5
Dodging        | 3 4 |  4.7
Stealth        | |  0.7

Action                   |  1- 3 |  4- 6 |  7- 9 | 10-12 | 13-15 || total
-------------------------+-------+-------+-------+-------+-------++-------
Melee: Short sword       |    69 |       |       |       |       ||    69
       Headbutt          |    11 |    19 |    49 |   243 |   180 ||   502
       Flail             |    15 |   172 |   348 |   903 |   641 ||  2079
       Battleaxe         |       |       |       |    39 |       ||    39
Throw: Javelin           |       |       |     4 |     5 |       ||     9
       Throwing net      |       |       |     2 |       |     1 ||     3
Invok: Lesser Servant of |       |       |     3 |    15 |     6 ||    24
       Minor Destruction |       |       |     1 |     7 |     6 ||    14
       Major Destruction |       |       |       |     1 |       ||     1
Evoke: Wand              |       |       |     2 |     1 |       ||     3
  Use: Scroll            |       |       |    22 |    12 |     1 ||    35
       Potion            |       |       |     1 |     3 |       ||     4
 Stab: Held in net/web   |       |       |     1 |       |       ||     1
       Distracted        |       |       |       |     1 |       ||     1
Armor: Chain mail        |    53 |   162 |       |       |       ||   215
       Leather armour    |     2 |       |       |       |       ||     2
       Ring mail         |       |       |    44 |       |       ||    44
       Plate armour      |       |       |   403 |  1478 |   533 ||  2414
Dodge: Dodged            |    38 |   105 |   195 |   563 |   325 ||  1226

Table legend: (Time is in decaauts)
 A = Elapsed time spent in this place.
 B = Non-inter-level travel time spent in this place.
 C = Inter-level travel time spent in this place.
 D = Time resting spent in this place.
 E = Time spent auto-exploring this place.
 F = Levels seen in this place.
 G = Mean time per level.
                   A        B        C        D        E       F      G
               +--------+--------+--------+--------+--------+-----+--------+
         Total |  27664 |  26994 |    670 |   2240 |  19735 |  17 | 1627.3 |
       Dungeon |  17388 |  16892 |    496 |   1528 |  12194 |  11 | 1580.7 |
          Lair |  10275 |  10101 |    174 |    712 |   7541 |   6 | 1712.5 |
               +--------+--------+--------+--------+--------+-----+--------+

Top non-repeatable levels by time:
    D:10: 3426 daAuts
  Lair:4: 2863 daAuts
     D:9: 2369 daAuts
  Lair:1: 2140 daAuts
    D:11: 2076 daAuts
     D:7: 1754 daAuts
  Lair:5: 1554 daAuts
     D:8: 1506 daAuts
  Lair:3: 1477 daAuts
     D:6: 1325 daAuts
  Lair:2: 1250 daAuts
     D:5: 1139 daAuts
     D:3: 1138 daAuts
  Lair:6: 988 daAuts
     D:2: 917 daAuts
